 Dungeon Crawl Stone Soup version 0.30.1-11-g7821555f0a (webtiles) character file.

Game seed: 7962037168419449788

28 Chiseanne the Stinger (level 3, 26/26 HPs)
             Began as a Demonspawn Wanderer on Nov 26, 2023.
             Quit the game on level 2 of the Dungeon.
             The game lasted 00:01:16 (807 turns).

Chiseanne the Stinger (Demonspawn Wanderer)          Turns: 807, Time: 00:01:17

Health: 26/26      AC:  5    Str: 14    XL:     3   Next: 0%
Magic:  4/4        EV: 10    Int: 12    God:
Gold:   93         SH:  0    Dex: 13    Spells: 4/4 levels left

rFire   . . .        a - +2 mace
rCold   . . .        (no shield)
rNeg    . . .        h - +0 ring mail
rPois   .            (no helmet)
rElec   .            (no cloak)
rCorr   .            (no gloves)
SInv    .            (no boots)
Will    .....        (no amulet)
Stlth   +            (no ring)
HPRegen 0.24/turn    (no ring)
MPRegen 0.09/turn

%: no passive effects
@: no status effects
A: powered by pain 1, weakness stinger 1
a: no special abilities


You were on level 2 of the Dungeon.
You visited 1 branch of the dungeon, and saw 2 of its levels.

You collected 93 gold pieces.

Inventory:

Hand Weapons
 a - a +2 mace (weapon)
 c - a +0 dagger
Missiles
 b - 6 boomerangs (quivered)
 e - 4 atropa-tipped darts
 j - 10 stones
Armour
 h - a +0 ring mail (worn)
Potions
 d - a potion of might
 f - a potion of heal wounds {unknown}
 k - a potion of lignification
 l - a potion of flight


   Skills:
 * Level 1.3 Fighting
 - Level 1.7 Maces & Flails
 - Level 1.7 Throwing
 * Level 1.2 Armour
 * Level 1.7 Dodging
 - Level 1.0 Spellcasting
 - Level 4.0 Poison Magic


You had 4 spell levels left.
You didn't know any spells.
Your spell library contained the following spells:

 Spells                   Type           Power      Damage    Failure   Level
 Poisonous Vapours        Pois/Air       10%        N/A       38%         2
 Cigotuvi's Dreadful Rot  Necr/Pois/Air  6%         N/A       50%         2
 Ignite Poison            Fire/Tmut/Pois 3%         N/A       73%         3
 Sticky Flame             Conj/Fire      0%         2d3       99%         4
 Ignition                 Fire           0%         3d3       100%        8


Dungeon Overview and Level Annotations

Branches:
Dungeon (2/15)

Altars:


Innate Abilities, Weirdness & Mutations

You sometimes gain a little power by taking damage.
You have a small tail.


Message History

The adder bites you but does no damage.
You miss the adder.
The adder is heavily wounded.
The adder barely misses you. The adder bites you but does no damage.
You hit the adder.
The adder is severely wounded.
The adder barely misses you. The adder bites you but does no damage.
You sock the adder!
You kill the adder!
Your Armour skill increases to level 1!
No target in view!
No target in view!
No target in view!
No target in view!
No target in view!
No target in view!
No target in view!
No target in view!
No target in view!
No target in view!
No target in view!
No target in view!
You climb downwards.
The worm bites you but does no damage.
There is a stone staircase leading up here.
You sock the worm!
The worm is heavily wounded.
The worm barely misses you.
You sock the worm!
The worm is almost dead.
The worm bites you but does no damage.
You barely miss the worm.
The worm is severely wounded.
You hit the worm.
You kill the worm!
You have reached level 3!
Your experience leads to an increase in your attributes!
Increase (s)trength, (i)ntelligence, or (d)exterity?
You feel stronger. x2; Your demonic ancestry asserts itself...
You grow a small tail.
Are you sure you want to abandon this character and quit the game? (Confirm with "yes".)

**##**####### **,....#.....##
**,,...........## ************
*,,,............# **,,,,,*,,,,,
*,,,..........@.#**,,,,,,,,,,,,
*,,,............#*,,,,,,,,,,,,,
*,,,......>..<..#*,,,,,,,,,,,,,
*,,,..............,,,,,,,,,,,,,
*,,,............##.,,,,,,,,,,,,
**,,............#*,.,,,,,,,,,,,
**,,...#.....#..,,,,,,,,,,,,,,
******######*##,,,,,,,,*,,,,,
*** ****,,,,,*********


There were no monsters in sight!

Vanquished Creatures
  An adder (D:1)
  A worm (D:2)
  A dart slug (D:1)
  2 endoplasms (D:1)
  A giant cockroach (D:1)
  A hobgoblin (D:1)
  A kobold (D:1)
  2 quokkas (D:1)
  2 bats (D:1)
  2 rats (D:1)
14 creatures vanquished.

Notes
Turn   | Place    | Note
-------+----------+-------------------------------------------
     0 | D:1      | Chiseanne the Demonspawn Wanderer began the quest for the
                  | Orb.
     0 | D:1      | Chiseanne set off with the following items: a +2 mace, 6
                  | boomerangs, a +0 dagger, a potion of might, a +0 robe; and
                  | the following spells available to memorise: Poisonous
                  | Vapours, Cigotuvi's Dreadful Rot.
     0 | D:1      | Reached XP level 1. HP: 13/13 MP: 2/2
   402 | D:1      | Gained mutation: You sometimes gain a little power by
                  | taking damage. [demonic ancestry]
   402 | D:1      | Reached XP level 2. HP: 15/20 MP: 3/3
   519 | D:1      | Reached skill level 1 in Fighting
   767 | D:1      | Reached skill level 1 in Armour
   807 | D:2      | Gained mutation: You have a small tail. [demonic ancestry]
   807 | D:2      | Reached XP level 3. HP: 26/26 MP: 4/4
   807 | D:2      | Quit the game

Illustrated notes

Levels and vault maps discovered:
D:1:      lemuel_arrival_room, layout_loops_ring
D:2:      layout_rooms, serial_forest, infiniplex_forest_clump_long,
          infiniplex_forest_end_1, infiniplex_forest_join,
          infiniplex_forest_clump_cross, infiniplex_forest_clump_cross,
          infiniplex_forest_clump_small, infiniplex_forest_corner_1,
          infiniplex_forest_lined_room_2, hangedman_decor_growths

Skill      XL: |  1  2 |
---------------+-------+-----
Fighting       | 1 |  1.3
Armour         | 1 |  1.2
Maces & Flails | |  1.7
Throwing       | |  1.7
Dodging        | |  1.7
Spellcasting   | |  1.0
Poison Magic   | |  4.0

Action                     || total
---------------------------++-------
  Melee: Mace              ||    43
    Use: Scroll            ||     5
 Armour: Ring mail         ||    17
  Dodge: Dodged            ||    35
